Map: Cyber Forest LE

Players

Mlord (MarineLorD) - Winner!

  • Race: Terran Terran
  • Spawn Location: 11:00

ShaDoWn

  • Race: Protoss Protoss
  • Spawn Location: 5:00

Event: IEM Season 13: Katowice (2019)

VOD

Have the link to the VOD?

Description

Time

  • Played on: Feb. 26, 2019, 5:24 a.m.
  • Length: 12:47

All games in this series

Show
View Real Time Build Order
Export as new Build Order

Mlord Terran - Winner!

Build Orders: Reaper Expand 

Get SALT Encoding   

  12  0:00  SCV  
  13  0:12  SCV  
  14  0:17  Supply Depot  
  14  0:24  SCV  
  15  0:38  SCV  
  15  0:40  Barracks  
  16  0:44  Refinery  
  16  0:50  SCV  
  17  1:03  SCV  
  18  1:15  SCV  
  19  1:27  Reaper, Orbital Command  
  20  1:44  Command Center  
  20  1:55  SCV  
  20  1:58  Supply Depot  
  20  1:59  Barracks Reactor  
  21  2:07  SCV  
  22  2:12  Refinery  
  22  2:19  SCV  
  23  2:22  Factory  
  23  2:31  SCV  
  24  2:41  Marine x2  
  24  2:43  SCV  
  27  2:55  SCV  
  28  2:58  Orbital Command, Marine  
  28  2:59  Marine  
  28  3:03  Orbital Command  
  29  3:07  SCV  
  29  3:08  Factory Tech Lab  
  29  3:10  Starport  
  30  3:16  Marine x2  
  30  3:19  SCV  
  33  3:29  SCV  
  33  3:32  SCV  
  35  3:34  Marine x2  
  35  3:39  Factory Tech Lab  
  36  3:41  SCV  
  36  3:44  SCV  
  35  3:52  Marine x2  
  35  3:53  SCV  
  37  3:56  SCV  
  37  3:57  Supply Depot  
  37  4:00  Raven  
  39  4:05  SCV  
  39  4:08  SCV  
  39  4:09  Barracks  
  44  4:10  Barracks, Marine x2  
  44  4:13  Siege Tank  
  44  4:15  Refinery  
  46  4:19  SCV  
  46  4:20  Supply Depot  
  46  4:23  SCV, Supply Depot  
  48  4:27  Marine  
  48  4:28  Marine  
  48  4:31  SCV  
  51  4:35  SCV  
  51  4:37  Bunker  
  52  4:43  SCV  
  53  4:45  Marine x2  
  53  4:48  SCV, Supply Depot  
  53  4:52  Starport Reactor  
  56  4:55  SCV  
  56  4:56  Factory Reactor  
  57  5:00  Engineering Bay  
  57  5:01  SCV, Supply Depot  
  57  5:03  Marauder  
  57  5:05  Stimpack  
  60  5:09  Supply Depot  
  60  5:12  Marine x2  
  60  5:13  Marauder  
  64  5:15  Combat Shield  
  64  5:25  Terran Infantry Weapons Level 1, Supply Depot  
  64  5:26  Marauder  
  66  5:30  Marine x2  
  66  5:33  Widow Mine x2  
  72  5:38  Marauder  
  74  5:47  Marauder  
  74  5:48  Marine  
  74  5:49  Supply Depot  
  77  5:51  Marine  
  77  5:52  Medivac  
  77  5:53  Medivac  
  82  5:58  Widow Mine  
  82  5:59  Widow Mine  
  82  6:03  Marauder  
  88  6:05  Marine  
  88  6:09  Marauder, Supply Depot, Marine  
  92  6:14  Supply Depot  
  92  6:21  Widow Mine x2  
  92  6:23  Marine  
  92  6:25  Marauder  
  99  6:26  Marine  
  99  6:30  Marauder  
  99  6:31  SCV x2  
  104  6:38  Concussive Shells  
  103  6:43  SCV  
  103  6:50  Marauder, Marine  
  106  6:57  Marauder, Marine  
  106  6:59  Command Center, Medivac x2  
  113  7:05  Widow Mine  
  113  7:06  Widow Mine  
  117  7:09  SCV  
  117  7:10  Barracks  
  117  7:11  Barracks, SCV  
  120  7:16  Marauder  
  120  7:19  Marauder, Marine  
  120  7:21  SCV  
  118  7:25  SCV  
  118  7:26  Refinery  
  119  7:33  Liberator, SCV  
  113  7:39  Marauder, Marine x2  
  113  7:40  SCV  
  118  7:45  SCV  
  118  7:48  Marauder  
  104  8:01  Marauder  
  104  8:03  SCV, Marine  
  96  8:09  Marauder, SCV  
  100  8:14  Barracks Tech Lab  
  100  8:15  Terran Infantry Armor Level 1  
  100  8:18  Liberator  
  96  8:20  Liberator  
  96  8:22  Marauder  
  96  8:25  Marine x4  
  102  8:31  Refinery, SCV x2  
  102  8:32  Refinery  
  104  8:39  Orbital Command  
  110  8:43  SCV x2  
  110  8:44  Marauder  
  114  8:50  Marauder x2  
  118  8:57  Marine  
  118  8:59  SCV  
  118  9:00  Liberator  
  120  9:05  Marauder, Marine  
  120  9:06  SCV  
  122  9:11  Marauder  
  122  9:12  Marauder, Marine  
  122  9:13  SCV  
  124  9:17  SCV  
  124  9:21  SCV  
  128  9:25  SCV  
  128  9:26  Marine x2  
  128  9:27  Marauder  
  128  9:29  SCV  
  134  9:32  Supply Depot  
  134  9:33  Marauder  
  134  9:34  SCV  
  134  9:35  Marine  
  134  9:36  Marauder  
  134  9:38  Marine  
  141  9:42  SCV  
  141  9:44  Liberator x2  
  140  9:46  Marine  
  140  9:49  Marauder, SCV  
  141  9:54  Marauder  
  141  9:57  Marauder  
  140  10:02  Marine  
  140  10:03  Marine  
  148  10:14  Marauder  
  148  10:15  Starport  
  148  10:17  Factory Reactor  
  148  10:19  Marauder x2, Supply Depot  
  148  10:20  Supply Depot x2  
  148  10:21  Supply Depot  
  148  10:23  Supply Depot  
  142  10:35  Marauder  
  142  10:39  Marine  
  142  10:40  Marine  
  142  10:41  Marauder x2  
  96  10:57  Marauder  
  96  10:58  Marine  
  96  11:02  Marauder x2  
  96  11:03  Orbital Command  
  99  11:12  SCV x2  
  99  11:18  Marauder  
  99  11:23  Marauder  
  99  11:24  Marauder, SCV, Marine x3  
  99  11:25  SCV  
  107  11:32  Medivac x2  
  111  11:34  SCV  
  111  11:37  SCV  
  111  11:39  Engineering Bay, Liberator x2, Armory  
  115  11:40  Marauder  
  115  11:44  Liberator, Marine x2  
  115  11:45  Marauder  
  113  11:47  Marine  
  113  11:48  Marauder  
  113  11:53  Marine  
  115  12:00  SCV x2  
  115  12:01  SCV  
  124  12:07  Medivac  
  129  12:12  SCV  
  129  12:13  Marauder x3  
  136  12:22  Marine x2  
  137  12:27  Marine  
Show
View Real Time Build Order
Export as new Build Order

ShaDoWn Protoss 

Build Orders: 1 Gate Expand, Colossus Rush 

Get SALT Encoding   

  12  0:00  Probe  
  13  0:12  Probe  
  14  0:19  Pylon  
  14  0:25  Probe  
  15  0:33  Probe  
  15  0:38  Gateway  
  15  0:41  Probe  
  16  0:48  Assimilator  
  17  0:51  Probe  
  18  1:04  Probe  
  19  1:16  Probe  
  20  1:25  Cybernetics Core  
  20  1:35  Nexus  
  20  1:38  Probe  
  21  1:43  Assimilator  
  21  1:49  Pylon  
  21  1:53  Probe  
  22  1:57  Adept  
  22  2:05  Probe  
  22  2:06  Warp Gate  
  25  2:17  Stalker, Probe  
  26  2:29  Probe  
  28  2:41  Probe  
  29  2:47  Stalker  
  29  2:48  Probe  
  31  2:53  Probe  
  32  2:58  Probe  
  32  3:05  Probe  
  33  3:06  Probe, Robotics Facility  
  35  3:13  Probe  
  35  3:14  Probe  
  35  3:18  Sentry  
  39  3:21  Probe  
  39  3:26  Probe  
  41  3:27  Pylon  
  41  3:32  Probe  
  42  3:34  Gateway  
  42  3:35  Gateway  
  42  3:39  Probe  
  43  3:44  Probe  
  42  3:51  Probe  
  42  3:52  Observer  
  41  3:56  Probe  
  43  4:03  Stalker, Probe, Assimilator  
  43  4:04  Assimilator  
  43  4:08  Probe  
  47  4:10  Observer  
  47  4:11  Probe  
  49  4:17  Pylon  
  49  4:19  Probe  
  49  4:20  Probe  
  51  4:29  Probe  
  51  4:32  Probe  
  51  4:33  Pylon  
  51  4:36  Stalker x2  
  61  4:38  Observer  
  61  4:42  Twilight Council  
  61  4:43  Forge, Probe  
  59  4:50  Robotics Bay, Immortal  
  63  5:14  Nexus  
  63  5:16  Protoss Ground Weapons Level 1  
  63  5:18  Charge  
  63  5:19  Warp Prism  
  63  5:20  Observer  
  63  5:21  Pylon  
  63  5:34  Pylon  
  63  5:35  Probe x2  
  67  5:38  Colossus  
  67  5:43  Observer  
  67  5:45  Observer  
  67  5:48  Observer  
  66  5:51  Zealot x3  
  66  5:55  Gateway  
  78  6:12  Zealot x3  
  78  6:15  Gateway  
  78  6:16  Gateway, Pylon  
  84  6:23  Probe x2  
  86  6:31  Colossus  
  86  6:32  Probe  
  87  6:46  Sentry  
  95  6:47  Sentry  
  95  6:48  Probe  
  95  6:52  Stalker x2  
  102  6:54  Probe  
  102  6:56  Pylon  
  103  7:06  Pylon  
  103  7:07  Gateway  
  103  7:15  Protoss Ground Armor Level 1, Blink  
  103  7:16  Colossus  
  103  7:19  Zealot x5, Stalker  
  111  7:41  Zealot x5  
  113  7:49  Zealot  
  97  8:03  Zealot x4  
  95  8:15  Probe  
  95  8:17  Probe  
  95  8:18  Assimilator  
  97  8:20  Assimilator  
  97  8:21  Gateway  
  97  8:23  Gateway, Observer, Templar Archives  
  97  8:25  Sentry, Zealot x5  
  109  8:33  Probe x3  
  113  8:38  Pylon  
  113  8:45  Probe  
  110  8:56  Stalker x4  
  114  9:16  Pylon  
  114  9:18  Pylon  
  114  9:19  Stalker  
  114  9:23  Protoss Ground Armor Level 2  
  109  9:29  Pylon  
  109  9:33  Pylon  
  109  9:37  Probe  
  110  9:40  Stalker x3  
  113  9:50  High Templar x2  
  113  9:53  High Templar x2  
  113  9:54  Archon  
  113  9:58  Archon  
  106  10:06  Stalker  
  106  10:07  Stalker x2  
  116  10:14  Stalker  
  113  10:24  Stalker x2  
  113  10:36  Zealot  
  113  10:37  Zealot x2  
  113  10:39  Zealot  
  90  10:47  Zealot  
  71  10:58  Zealot x3  
  71  11:03  Probe  
  70  11:25  High Templar x4  
  70  11:29  Nexus, Archon  
  70  11:30  Archon  
  78  11:38  Pylon  
  78  11:42  Pylon  
  78  11:53  Probe x2  
  80  12:04  Zealot x5  
  80  12:05  Probe  
  89  12:10  Zealot x2  
  93  12:19  Probe  
  94  12:23  Probe  
  94  12:27  Zealot x3, High Templar x2  
  105  12:31  Probe  
  105  12:35  Probe  

Tags
 
Add a new tag
Caveats
  • Supply blocks, unpowered buildings, or Contaminate may cause inaccurate times.
  • Supply counts are checked every 10 seconds.